 Dungeon Crawl Stone Soup version 0.30-a0-591-g3c58d2bc28 (webtiles) character file.

Game seed: 1004752541169348997

39 Newt the Trooper (level 3, -2/29 HPs)
             Began as a Demonspawn Gladiator on Jan 4, 2023.
             Slain by a gnoll
             ... wielding a +0 club
              (3 damage)
             ... on level 2 of the Dungeon.
             The game lasted 00:01:53 (1356 turns).

Newt the Trooper (Demonspawn Gladiator)             Turns: 1356, Time: 00:01:54

Health: -2/29      AC:  4    Str: 16    XL:     3   Next: 26%
Magic:  3/3        EV: 12    Int:  9    God:
Gold:   786        SH:  0    Dex: 14    Spells: 2/2 levels left

rFire   . . .      SeeInvis .    a - +0 rapier
rCold   . . .      Faith    .    (no shield)
rNeg    . . .      Spirit   .    b - +0 leather armour
rPois   .          Reflect  .    c - +0 helmet
rElec   .          Harm     .    (no cloak)
rCorr   .          Rampage  .    (no gloves)
Will    .....                    (no boots)
Stlth   ++                       (no amulet)
HPRegen 0.24/turn                (no ring)
MPRegen 0.08/turn                (no ring)

@: no status effects
A: demonic magic 1
a: no special abilities


You were on level 2 of the Dungeon.
You visited 1 branch of the dungeon, and saw 2 of its levels.

You collected 786 gold pieces.

Inventory:

Hand Weapons
 a - a +0 rapier (weapon)
Missiles
 e - a javelin (quivered)
Armour
 b - a +0 leather armour (worn)
 c - a +0 helmet (worn)
Wands
 i - a wand of polymorph (7)
Scrolls
 f - a scroll of noise
 m - a scroll of brand weapon {unknown}


   Skills:
 + Level 3.0 Fighting
 - Level 2.6 Short Blades
 - Level 1.7 Throwing
 - Level 2.6 Dodging
 - Level 2.0 Stealth


You had 2 spell levels left.
You didn't know any spells.
Your spell library was empty.

Dungeon Overview and Level Annotations

Branches:
Dungeon (2/15)

Altars:


Innate Abilities, Weirdness & Mutations

Spells you cast may paralyse adjacent enemies.


Message History

The goblin barely misses you. The goblin hits you but does no damage.
You hit the gnoll.
The gnoll is moderately wounded.
The goblin barely misses you. The gnoll barely misses you.
The goblin hits you with a +0 dagger.
You hit the gnoll.
The gnoll is almost dead.
The gnoll closely misses you. x2; The goblin barely misses you.
You closely miss the gnoll.
The gnoll is almost dead.
The goblin hits you but does no damage. The gnoll hits you with a +0 club.
The gnoll barely misses you. The goblin hits you but does no damage.
You hit the goblin but do no damage. The gnoll hits you with a +0 club.
The gnoll misses you. The goblin hits you but does no damage.
You completely miss the goblin. The goblin misses you.
The gnoll hits you but does no damage. The gnoll hits you with a +0 whip.
The goblin barely misses you.
You hit the goblin.
The goblin is severely wounded.
The gnoll hits you but does no damage. The gnoll hits you with a +0 whip!
* * * LOW HITPOINT WARNING * * *
The goblin completely misses you. The gnoll barely misses you. x2
As you read the scroll labelled UTHROY OHETHRA, it crumbles to dust.
You feel aware of your surroundings.
It was a scroll of magic mapping.
The goblin barely misses you. The goblin hits you but does no damage.
The gnoll closely misses you. The gnoll hits you with a +0 whip.
* * * LOW HITPOINT WARNING * * *
As you read the scroll labelled SEPRID SIUN WINI, it crumbles to dust.
The creatures around you are filled with an inner flame!
It was a scroll of immolation.
The goblin completely misses you. The gnoll hits you with a +0 club.
* * * LOW HITPOINT WARNING * * *
The gnoll closely misses you.
You aren't carrying any potions.
The air fills with toxic fumes!
As you read the scroll labelled NOHIWO ODERAG, it crumbles to dust.
It was a scroll of poison.
The goblin hits you with a +0 dagger.
* * * LOW HITPOINT WARNING * * *
The goblin hits you but does no damage. The gnoll hits you with a +0 club.
You die...

#....#..#.#.#..........
#..<.#>................
#.......###............
#....##.# ###..........
#....##.# #..........
#.......# #..........
#>...########§.........
#....#gg.§§§§§.#######.
#....#@#........,,,,,#.
#....#g#........,,,,,##
#....#g§......$,,,,,,**
#....§§§§.....,,,,,,,,,
###..§§§§§#...,,,,,,,,,
#.§§§§§§#,..,,,,,,,,,
#.§§§§§§#*********,,,
#§§§§§§§# *,,,
#.......# *,,,


You could see 3 gnolls and a goblin (fast, inner flame).

Vanquished Creatures
  An adder (D:2)
  A worm (D:2)
  4 bats
  An endoplasm (D:2)
  2 giant cockroaches (D:1)
  A goblin (D:2)
  4 hobgoblins
  4 jackals (D:2)
  A kobold (D:1)
  2 quokkas (D:1)
  A ball python (D:1)
  A frilled lizard (D:1)
  A rat (D:1)
24 creatures vanquished.

Notes
Turn   | Place    | Note
-------+----------+-------------------------------------------
     0 | D:1      | Newt the Demonspawn Gladiator began the quest for the Orb.
     0 | D:1      | Reached XP level 1. HP: 16/16 MP: 1/1
    38 | D:1      | Reached skill level 1 in Stealth
   218 | D:1      | Gained mutation: Spells you cast may paralyse adjacent
                  | enemies. [demonic ancestry]
   218 | D:1      | Reached XP level 2. HP: 22/22 MP: 2/2
   587 | D:2      | Identified a scroll of acquirement
   588 | D:2      | Acquired 692 gold pieces
  1064 | D:2      | Reached XP level 3. HP: 10/28 MP: 3/3
  1068 | D:2      | Reached skill level 3 in Fighting
  1355 | D:2      | HP: 1/29 [gnoll/+0 club (3)]
  1356 | D:2      | Slain by a gnoll

Illustrated notes

Levels and vault maps discovered:
D:1:      saegor_arrival_simple_d, layout_rooms
D:2:      layout_basic

Skill      XL: |  1  2  3 |
---------------+----------+-----
Stealth        | 1 2 |  2.0
Fighting       | 3 |  3.0
Short Blades   | |  2.6
Throwing       | |  1.7
Dodging        | |  2.6

Action                   || total
-------------------------++-------
Melee: Rapier            ||   110
Throw: Throwing net      ||     3
       Javelin           ||     1
  Use: Scroll            ||     6
       Potion            ||     2
 Stab: Sleeping          ||     1
       Held in net/web   ||     1
Armor: Leather armour    ||    50
       Skin              ||     3
Dodge: Dodged            ||   103

Table legend: (Time is in decaauts)
 A = Elapsed time spent in this place.
 B = Non-inter-level travel time spent in this place.
 C = Inter-level travel time spent in this place.
 D = Time resting spent in this place.
 E = Time spent auto-exploring this place.
 F = Levels seen in this place.
 G = Mean time per level.
                   A        B        C        D        E       F      G
               +--------+--------+--------+--------+--------+-----+--------+
         Total |   1364 |   1337 |     27 |    536 |    564 |   2 |  682.0 |
       Dungeon |   1364 |   1337 |     27 |    536 |    564 |   2 |  682.0 |
               +--------+--------+--------+--------+--------+-----+--------+

Top non-repeatable levels by time:
     D:2: 774 daAuts
     D:1: 589 daAuts
